Map: White Rabbit LE

Players

VITRyung (Ryung) - Winner!

  • Race: Terran Terran
  • League: Grandmaster
  • Spawn Location: 7:00

Jumy (ForJumy)

  • Race: Protoss Protoss
  • League: Master
  • Spawn Location: 1:00

VOD

Have the link to the VOD?

Description

Time

  • Played on: Jan. 30, 2026, 12:04 p.m.
  • Length: 14:49
Show
View Real Time Build Order
Export as new Build Order

VITRyung Terran - Winner!

Build Orders:  

Get SALT Encoding   

  12  0:00  SCV  
  13  0:12  SCV  
  14  0:17  Supply Depot  
  14  0:24  SCV  
  15  0:38  SCV  
  15  0:41  Barracks  
  16  0:43  Refinery  
  16  0:50  SCV  
  17  1:03  SCV  
  18  1:15  SCV  
  19  1:27  Orbital Command  
  19  1:28  Marine  
  20  1:38  Command Center  
  20  1:46  Barracks Reactor  
  20  1:54  SCV  
  21  1:58  Supply Depot  
  21  2:06  SCV  
  22  2:18  SCV  
  22  2:22  Marine x2  
  25  2:25  Command Center  
  25  2:30  SCV  
  25  2:35  Barracks  
  26  2:40  Marine x2  
  26  2:42  SCV  
  29  2:53  Orbital Command  
  29  2:55  SCV  
  30  3:02  Barracks  
  30  3:04  Marine  
  31  3:05  Marine  
  31  3:09  SCV  
  33  3:19  SCV  
  34  3:21  SCV  
  34  3:24  Barracks Tech Lab  
  35  3:27  Marine x2  
  35  3:32  SCV  
  35  3:33  SCV  
  39  3:37  Orbital Command  
  39  3:43  Stimpack  
  39  3:44  SCV, Marine  
  39  3:45  Marine x2, SCV  
  44  3:50  Barracks Tech Lab  
  44  3:53  Refinery  
  44  3:59  SCV x2  
  46  4:03  SCV  
  46  4:06  Marine x2  
  46  4:09  Marauder x2  
  53  4:16  SCV x3  
  56  4:17  Supply Depot  
  56  4:18  Combat Shield  
  56  4:29  Marine x2  
  56  4:30  Marauder  
  60  4:32  Bunker  
  60  4:38  SCV  
  60  4:39  Marauder  
  60  4:40  Supply Depot, SCV  
  60  4:42  SCV  
  65  4:48  Factory  
  65  4:51  Marauder  
  66  4:55  SCV x2  
  66  4:56  SCV  
  66  5:00  Bunker, Marine, Marauder  
  66  5:02  Marine  
  70  5:12  SCV x2  
  70  5:13  Supply Depot, SCV  
  73  5:16  Engineering Bay  
  73  5:17  Marauder  
  73  5:24  SCV x2  
  73  5:25  Marine x2  
  77  5:35  SCV  
  78  5:36  Starport, SCV  
  78  5:37  Factory Reactor  
  78  5:42  Terran Infantry Weapons Level 1  
  79  5:44  SCV  
  79  5:47  SCV  
  79  5:48  SCV  
  82  5:50  Refinery  
  82  5:51  Concussive Shells  
  82  5:54  Marine x2  
  82  5:56  Orbital Command  
  84  6:03  Refinery  
  85  6:11  Marauder  
  85  6:17  Barracks x2  
  85  6:19  Supply Depot  
  85  6:20  SCV  
  85  6:21  Supply Depot, SCV  
  85  6:25  Factory Tech Lab  
  85  6:40  Marine x2  
  85  6:41  Medivac, SCV x3, Siege Tank  
  85  6:44  Medivac  
  96  6:49  Marauder, Barracks Tech Lab  
  96  6:54  SCV x3  
  96  6:57  Refinery  
  96  6:58  Refinery, Missile Turret  
  96  6:59  Missile Turret  
  96  7:00  Marine x2  
  99  7:05  Supply Depot  
  99  7:06  SCV  
  99  7:07  Barracks Tech Lab, Supply Depot  
  99  7:08  Barracks Reactor  
  100  7:09  SCV x2  
  100  7:10  Marauder  
  100  7:14  Siege Tank  
  107  7:16  Sensor Tower, Viking  
  109  7:24  Bunker  
  109  7:27  Marine x3, Viking, SCV x3  
  117  7:31  Marauder  
  117  7:33  Command Center  
  117  7:35  Marauder  
  117  7:36  Terran Infantry Armor Level 1  
  121  7:41  Supply Depot  
  121  7:44  Marine x2  
  121  7:45  SCV x2, Armory  
  121  7:46  Engineering Bay  
  125  7:52  Bunker  
  125  7:53  Supply Depot  
  125  7:56  Supply Depot  
  125  7:57  Supply Depot  
  125  8:03  Marine x2, SCV, Siege Tank, Marauder  
  133  8:11  Supply Depot, Marine, Medivac x2  
  138  8:12  Missile Turret  
  138  8:16  SCV  
  138  8:17  SCV x2  
  141  8:20  Marine  
  141  8:21  Marauder x2  
  146  8:28  Missile Turret  
  146  8:30  Barracks  
  146  8:32  Barracks  
  146  8:33  Barracks  
  146  8:36  Terran Infantry Weapons Level 2  
  146  8:37  Terran Ship Weapons Level 1  
  146  8:41  Supply Depot  
  146  8:43  Supply Depot  
  146  8:46  Starport  
  150  8:53  Marine x3  
  150  8:55  Factory Reactor  
  153  9:00  Marauder x3  
  153  9:02  Liberator x2  
  158  9:21  Marauder x2  
  158  9:22  Barracks Tech Lab, Barracks Reactor  
  162  9:27  Bunker  
  162  9:32  Command Center, Terran Infantry Armor Level 2  
  162  9:33  Marine  
  162  9:34  Marine x2, Command Center  
  165  9:52  Marauder x3  
  171  9:54  Viking x2, Medivac  
  171  9:59  Missile Turret, Sensor Tower  
  177  10:04  Viking  
  151  10:24  Marine x6  
  151  10:27  Planetary Fortress  
  157  10:30  Sensor Tower  
  157  10:34  Marauder x4  
  157  10:35  Terran Ship Weapons Level 2  
  165  10:36  Ghost Academy  
  165  10:43  Marine x2  
  165  10:44  Marine x2  
  165  10:49  Orbital Command  
  169  10:53  Orbital Command  
  169  10:54  Viking  
  169  10:55  Viking, Marauder x3  
  179  11:01  Terran Infantry Weapons Level 3  
  179  11:07  Sensor Tower  
  179  11:12  Fusion Core  
  179  11:14  Ghost  
  179  11:16  Ghost  
  183  11:26  Command Center, Missile Turret  
  183  11:30  Ghost  
  183  11:31  Ghost  
  187  11:35  Medivac x2  
  187  11:37  Medivac  
  187  11:39  Medivac  
  195  11:51  Missile Turret  
  195  11:52  Missile Turret  
  195  11:55  Ghost x2, Caduceus Reactor  
  199  12:02  Missile Turret  
  199  12:04  Missile Turret  
  199  12:05  Medivac  
  199  12:06  Missile Turret  
  200  12:26  Missile Turret  
  186  12:44  Ghost x4  
  186  12:47  Marine x2  
  186  12:48  Marine x2  
  198  12:54  Command Center, Refinery x2  
  198  12:55  Command Center  
  198  13:11  Planetary Fortress  
  198  13:21  Marine x2, Marauder  
  198  13:22  Marauder, Viking  
  197  13:28  Marine x2  
  197  13:29  Marauder  
  197  13:35  Liberator  
  200  13:46  Marine  
  196  13:49  Marauder  
  196  13:51  Marauder  
  196  13:52  Marine  
  196  13:53  Marine  
  198  13:56  Marauder x2  
  198  14:01  Command Center  
  188  14:04  Starport  
  183  14:10  Marine x4, Ghost  
  183  14:11  Ghost  
  192  14:17  Ghost  
  192  14:18  Marauder  
  192  14:21  Marine x2  
  198  14:28  Marine x2  
Show
View Real Time Build Order
Export as new Build Order

Jumy Protoss 

Build Orders: 1 Gate Expand, Blink Stalkers, Colossus Rush 

Get SALT Encoding   

  12  0:00  Probe  
  13  0:12  Probe  
  14  0:17  Pylon  
  14  0:24  Probe  
  15  0:32  Probe  
  15  0:36  Gateway  
  15  0:40  Probe  
  16  0:45  Assimilator  
  17  0:50  Probe  
  18  1:03  Probe  
  19  1:15  Probe  
  20  1:23  Cybernetics Core  
  20  1:27  Probe  
  21  1:33  Nexus  
  21  1:43  Pylon, Probe  
  22  1:48  Assimilator  
  22  1:49  Stalker  
  22  1:55  Probe  
  25  2:02  Warp Gate  
  25  2:07  Probe  
  26  2:15  Stalker  
  26  2:19  Probe  
  29  2:26  Gateway  
  29  2:31  Probe  
  30  2:42  Twilight Council  
  30  2:43  Probe  
  31  2:47  Shield Battery  
  31  2:49  Probe  
  32  2:55  Probe  
  32  2:56  Adept  
  32  2:57  Probe  
  35  3:03  Probe  
  35  3:05  Probe  
  36  3:06  Blink  
  36  3:12  Probe  
  38  3:13  Gateway  
  38  3:17  Probe  
  40  3:24  Probe  
  41  3:29  Probe  
  41  3:32  Pylon  
  42  3:37  Probe  
  43  3:41  Probe, Robotics Facility  
  44  3:48  Assimilator  
  44  3:49  Probe  
  44  3:50  Stalker  
  44  3:54  Stalker  
  49  3:57  Probe  
  49  4:01  Pylon  
  50  4:03  Probe  
  50  4:09  Probe  
  52  4:15  Stalker  
  54  4:19  Probe  
  54  4:20  Pylon  
  54  4:23  Probe  
  54  4:32  Robotics Bay  
  54  4:35  Stalker x2  
  54  4:37  Assimilator, Probe  
  59  4:38  Immortal  
  59  4:40  Pylon  
  63  4:52  Probe  
  64  5:00  Nexus  
  64  5:04  Probe x2  
  66  5:09  Pylon, Charge  
  66  5:12  Observer  
  67  5:21  Colossus  
  67  5:23  Zealot, Probe  
  67  5:28  Probe  
  71  5:31  Pylon  
  77  5:36  Probe  
  77  5:38  Forge  
  77  5:40  Probe  
  79  5:43  Zealot x2  
  79  5:47  Extended Thermal Lance  
  79  5:48  Pylon  
  83  5:50  Probe  
  84  5:57  Probe  
  84  6:00  Zealot  
  84  6:02  Colossus  
  87  6:08  Gateway  
  87  6:09  Gateway  
  93  6:24  Probe  
  91  6:26  Zealot  
  91  6:27  Sentry, Zealot  
  91  6:28  Gateway  
  91  6:30  Gateway  
  96  6:34  Probe  
  96  6:38  Probe  
  96  6:39  Colossus  
  98  6:41  Gateway  
  98  6:45  Probe  
  97  6:49  Protoss Ground Weapons Level 1, Probe  
  98  6:57  Shield Battery, Zealot x3  
  110  7:04  Probe  
  110  7:05  Probe  
  110  7:08  Gateway  
  112  7:10  Gateway  
  112  7:18  Sentry  
  112  7:20  Zealot  
  112  7:22  Probe  
  117  7:23  Pylon  
  117  7:24  Pylon, Colossus  
  117  7:35  Pylon  
  117  7:38  Pylon  
  117  7:41  Probe x2  
  125  7:50  Zealot x2, Nexus  
  129  7:54  Probe  
  129  7:56  Pylon  
  129  7:57  Pylon  
  130  8:01  Gateway, Probe  
  130  8:03  Zealot x2  
  135  8:07  Warp Prism  
  135  8:15  Pylon  
  135  8:18  Pylon  
  135  8:19  Sentry  
  139  8:20  Sentry, Zealot  
  139  8:21  Sentry  
  139  8:24  Pylon  
  145  8:29  Zealot  
  147  8:36  Stalker x2  
  147  8:40  Protoss Ground Weapons Level 2  
  151  8:42  Zealot x3, Observer  
  151  8:45  Pylon  
  157  8:55  Zealot x5  
  165  9:11  Zealot x6  
  161  9:18  Probe  
  161  9:19  Probe x2  
  161  9:22  Forge  
  156  9:25  Disruptor  
  160  9:33  Probe x3  
  160  9:37  Protoss Ground Armor Level 1  
  163  9:39  Probe  
  163  9:40  Stalker x2  
  163  9:45  Probe x2  
  170  9:46  Nexus  
  170  9:51  Stalker x4  
  178  9:56  Pylon  
  172  10:02  Zealot x3  
  176  10:09  Zealot x3  
  176  10:10  Zealot  
  176  10:14  Disruptor  
  154  10:16  Zealot x4  
  154  10:21  Probe  
  149  10:25  Templar Archives  
  149  10:26  Probe  
  149  10:27  Probe  
  155  10:29  Probe  
  155  10:35  Probe  
  157  10:39  Zealot x6  
  169  10:45  Probe  
  168  10:52  Immortal  
  168  10:54  Psionic Storm  
  168  10:55  Probe  
  169  11:02  Probe x2  
  174  11:13  Assimilator  
  174  11:16  High Templar x4, Protoss Ground Weapons Level 3  
  182  11:23  Zealot x7  
  182  11:25  Warp Prism  
  196  11:27  Nexus  
  196  11:32  Pylon  
  198  11:33  Gateway  
  198  11:34  Protoss Ground Armor Level 2  
  198  11:37  Gateway, Pylon  
  198  11:46  Gateway  
  197  11:52  Zealot  
  187  12:15  Pylon  
  187  12:18  Dark Shrine, Gravitic Drive  
  187  12:21  Gateway  
  179  12:38  Warp Prism  
  179  12:43  High Templar  
  167  12:45  Assimilator  
  167  12:46  Assimilator  
  169  12:52  Robotics Facility, Archon  
  169  12:56  Zealot x2  
  169  12:57  Zealot x6  
  185  13:05  Pylon  
  163  13:09  Stalker  
  163  13:10  Stalker x2  
  163  13:11  Probe  
  170  13:17  Disruptor  
  168  13:22  Pylon  
  168  13:23  Zealot x6  
  168  13:25  Zealot x6  
  168  13:26  Pylon  
  163  13:39  Zealot x3  
  169  13:43  Stalker x5  
  169  13:44  Stalker  
  169  13:48  High Templar, Zealot x5  
  146  13:52  Disruptor  
  132  14:00  Zealot x3  
  101  14:05  Disruptor  
  101  14:07  Zealot x6  
  101  14:09  Stalker x5  
  101  14:23  High Templar, Zealot x3  
  97  14:27  Zealot x6  
  112  14:33  Zealot  
  112  14:34  Zealot x4  
Tags
 
Add a new tag
Caveats
  • Supply blocks, unpowered buildings, or Contaminate may cause inaccurate times.
  • Supply counts are checked every 10 seconds.